 Dungeon Crawl Stone Soup version 0.21.0-3-g78d12a8 (webtiles) character file.

1939 Frizerable the Grappler (level 8, -13/78 HPs)
             Began as a Troll Berserker on Jan 16, 2018.
             Was an Initiate of Makhleb.
             Mangled by a polar bear (14 damage)
             ... created by the rage of Trog
             ... on level 7 of the Dungeon.
             The game lasted 01:01:25 (6131 turns).

Frizerable the Grappler (Troll Berserker)           Turns: 6131, Time: 01:01:26

Health: -13/78     AC:  5    Str: 29    XL:     8   Next: 97%
Magic:  7/7        EV: 15    Int:  7    God:    Makhleb [......]
Gold:   99         SH:  0    Dex: 10    Spells: 0/7 levels left

rFire    . . .     SeeInvis .     - Unarmed
rCold    . . .     Gourm    +   (no shield)
rNeg     . . .     Faith    +   w - +0 robe
rPois    .         Spirit   .   l - +0 hat {Int+3}
rElec    .         Reflect  .   (no cloak)
rCorr    .         Harm     .   (gloves unavailable)
MR       .....                  (boots unavailable)
Stlth    ++........             C - amulet of faith
HPRegen  0.63/turn              u - +3 ring of strength
MPRegen  0.10/turn              y - +4 ring of evasion

@: no status effects
A: large, unfitting armour, claws 3, fast metabolism 3, gourmand, regeneration
1, shaggy fur 1, tough skin 2
a: Renounce Religion


You were on level 7 of the Dungeon.
You worshipped Makhleb.
Makhleb was noncommittal.
You were hungry.

You visited 2 branches of the dungeon, and saw 8 of its levels.

You collected 319 gold pieces.
You spent 220 gold pieces at shops.

Inventory:

Missiles
 j - 138 stones (quivered)
Armour
 l - a +0 hat of intelligence (worn)
 w - a +0 robe (worn)
 x - a +0 cloak
Jewellery
 k - an uncursed ring of resist corrosion
 s - an uncursed ring of stealth
 u - a +3 ring of strength (left claw)
 y - a +4 ring of evasion (right claw)
 C - an amulet of faith (around neck)
Wands
 E - a wand of disintegration (15)
Scrolls
 a - 5 scrolls of remove curse {unknown}
 d - 5 scrolls of identify
 h - 2 scrolls of teleportation {unknown}
 m - a scroll of fog {unknown}
 n - a scroll of enchant weapon {unknown}
 v - 4 scrolls of blinking {unknown}
 z - a scroll of fear {unknown}
Potions
 c - a potion of magic {unknown}
 e - 3 potions of might {unknown}
 f - a potion of invisibility {unknown}
 g - a potion of curing {unknown}
 i - a potion of ambrosia {unknown}
 o - 2 potions of mutation {unknown}
 p - 3 potions of haste {unknown}
 q - a potion of cancellation {unknown}
 r - 3 potions of lignification {unknown}
 t - a potion of resistance {unknown}
 A - a potion of degeneration {unknown}
Books
 B - a book of Minor Magic

   Spells                             Type                      Level
   a - Magic Dart                     Conjuration                  1
   b - Blink                          Translocation                2
   c - Call Imp                       Summoning                    2
   d - Slow                           Hexes                        2
   e - Conjure Flame                  Conjuration/Fire             3
   f - Mephitic Cloud                 Conjuration/Poison/Air       3
 D - a book of Power

   Spells                             Type                      Level
   a - Iskenderun's Battlesphere      Conjuration/Charms           5
   b - Venom Bolt                     Conjuration/Poison           5
   c - Bolt of Magma                  Conjuration/Fire/Earth       5
   d - Iron Shot                      Conjuration/Earth            6
   e - Orb of Destruction             Conjuration                  7
   f - Spellforged Servitor           Conjuration/Summoning        7
Comestibles
 b - 10 rations


   Skills:
 + Level 3.7 Fighting
 + Level 1.0 Throwing
 + Level 5.2 Dodging
 + Level 2.5 Stealth
 + Level 9.0 Unarmed Combat


You couldn't memorise any spells.
You knew the following spells:

 Your Spells              Type           Power        Failure   Level  Hunger
a - Call Imp              Summ           #.......     56%         2    ###....
b - Bolt of Magma         Conj/Fire/Erth #.........   100%        5    ######.


Dungeon Overview and Level Annotations

Branches:
Dungeon (7/15)             Temple (1/1) D:4

Altars:
Ashenzari
Cheibriados
Dithmenos
Elyvilon
Fedhas
Gozag
Hepliaklqana
Kikubaaqudgha
Makhleb
Nemelex Xobeh
Okawaru
Qazlal
Ru
Sif Muna
Trog
Uskayaw
Vehumet
Wu Jian
Xom
Yredelemnul
Zin
The Shining One

Shops:
D:4 *%   D:5 }[%


Innate Abilities, Weirdness & Mutations

You are too large for most types of armour.
You have claws for hands.
Your metabolism is lightning-fast.
You like to eat raw meat.
Your natural rate of healing is unusually fast.
You are covered in fur. (AC +1)
You have very tough skin. (AC +2)


Message History

The polar bear claws you. The polar bear barely misses you.
The polar bear claws you. x2
You scratch the polar bear. Your claw misses the polar bear.
The polar bear is heavily wounded.
The polar bear rages.
The polar bear misses you. x2; The polar bear barely misses you.
The polar bear misses you. The polar bear claws you. The polar bear misses you.
You mangle the polar bear!!
The polar bear is almost dead.
The polar bear misses you. The polar bear claws you.
The polar bear barely misses you. The polar bear completely misses you.
The polar bear claws you. x2; The polar bear bites you!
* * * LOW HITPOINT WARNING * * *
The polar bear claws you.
* * * LOW HITPOINT WARNING * * *
The polar bear claws you!
* * * LOW HITPOINT WARNING * * *
You hear an angry growl.
The black bear moves out of view.
The polar bear bites you!
You die...

#.#... #..#
#.#.#.##..#
#...#...######
###.#####.......
#.....#...######
## #.....#.###
....#####...#.>.#
........##.###.##
#@##.# #.#
###h##.# #..
#.hh...# ####
#.###..# ..S #..#
..#.###.##
#..#.....# #.
#...### . #.##


You could see 3 polar bears and an adder.

Vanquished Creatures
  The ghost of Theyli the Cudgeler, a novice GrMo (D:5)
  Sigmund (D:3)
  An orc warrior (D:7)
  An ice beast (D:5)
  A sky beast (D:2)
  A necrophage (D:6)
  3 ogres
  2 bullfrogs (D:6)
  A centaur zombie (D:6)
  3 crimson imps
  A jelly (D:5)
  A bullfrog skeleton (D:6)
  An orc priest (D:3)
  Crazy Yiuf (D:4)
  4 orc wizards
  3 iguanas
  3 worker ants (D:6)
  A hound zombie (D:5)
  2 hound skeletons
  3 gnolls (D:5)
  9 adders
  A shadow imp (D:5)
  3 oozes
  A worm (D:3)
  2 dart slugs
  5 leopard geckos
  15 orcs
  8 giant cockroaches
  3 goblins
  6 hobgoblins
  12 jackals
  2 quokkas
  A ball python (D:5)
  6 bats
  5 frilled lizards
  5 kobolds
  A leopard gecko skeleton (D:7)
  9 rats
129 creatures vanquished.

Vanquished Creatures (others)
  A jackal (D:7)
1 creature vanquished.

Grand Total: 130 creatures vanquished

Notes
Turn   | Place    | Note
-------+----------+-------------------------------------------
     0 | D:1      | Frizerable the Troll Berserker began the quest for the Orb.
     0 | D:1      | Reached XP level 1. HP: 22/22 MP: 0/0
    31 | D:1      | Reached XP level 2. HP: 25/29 MP: 1/1
   761 | D:1      | You fall through a shaft!
   776 | D:2      | Reached ** piety under Trog
   861 | D:2      | Reached XP level 3. HP: 36/36 MP: 2/2
   935 | D:2      | Found a bloodstained altar of Trog.
   973 | D:2      | Noticed a sky beast
  1025 | D:2      | Killed a sky beast
  1025 | D:2      | Reached skill level 4 in Unarmed Combat
  1025 | D:2      | Reached XP level 4. HP: 45/45 MP: 3/3
  1025 | D:2      | Reached XP level 5. HP: 53/53 MP: 4/4
  1740 | D:3      | Reached skill level 5 in Unarmed Combat
  1928 | D:3      | Noticed Sigmund
  1965 | D:3      | Killed Sigmund
  1965 | D:3      | Reached skill level 1 in Stealth
  1965 | D:3      | Reached XP level 6. HP: 61/61 MP: 5/5
  2064 | D:3      | Found a glowing golden altar of the Shining One.
  2134 | D:3      | Found an ornate altar of the Wu Jian Council.
  2513 | D:4      | Reached skill level 6 in Unarmed Combat
  2675 | D:4      | Found Roerphu's Food Boutique.
  2682 | D:4      | Bought a ration for 60 gold pieces
  2682 | D:4      | Bought a ration for 60 gold pieces
  2760 | D:4      | Found a staircase to the Ecumenical Temple.
  2818 | Temple   | Entered the Ecumenical Temple
  3309 | D:4      | Found a runed door.
  3313 | D:4      | Noticed Crazy Yiuf
  3320 | D:4      | Killed Crazy Yiuf
  3406 | D:4      | Found Zin's Purification Station.
  3409 | D:4      | Found a glowing silver altar of Zin.
  3440 | D:4      | Reached XP level 7. HP: 67/67 MP: 6/6
  3574 | D:5      | Entered Level 5 of the Dungeon
  3577 | D:5      | Found a sacrificial altar of Ru.
  3583 | D:5      | Found Poshrao's Gadget Boutique.
  3586 | D:5      | Noticed Theyli's ghost (novice GrMo)
  3600 | D:5      | Killed Theyli's ghost
  3654 | D:5      | Reached *** piety under Trog
  3708 | D:5      | Reached skill level 7 in Unarmed Combat
  3950 | D:5      | Found Zirobb's Food Shop.
  3983 | D:5      | Bought a ration for 50 gold pieces
  3983 | D:5      | Bought a ration for 50 gold pieces
  4003 | D:5      | Found Tanaih's Antique Armour Emporium.
  4067 | D:5      | Reached XP level 8. HP: 70/75 MP: 7/7
  4548 | D:6      | Reached skill level 8 in Unarmed Combat
  4737 | D:6      | Found a stormy altar of Qazlal.
  5001 | D:6      | Reached skill level 1 in Throwing
  5179 | D:6      | Found a burning altar of Makhleb.
  5182 | D:6      | Found a radiant altar of Vehumet.
  5187 | D:6      | Reached skill level 5 in Dodging
  5193 | D:6      | Fell from the grace of Trog
  5193 | D:6      | Became a worshipper of Makhleb the Destroyer
  5529 | D:7      | Reached skill level 9 in Unarmed Combat
  5601 | D:7      | Learned a level 2 spell: Call Imp
  5723 | D:7      | Learned a level 5 spell: Bolt of Magma
  5893 | D:7      | Found a hide-covered altar of Uskayaw.
  6126 | D:7      | Noticed a polar bear
  6126 | D:7      | Noticed a polar bear
  6126 | D:7      | Noticed a polar bear
  6130 | D:7      | HP: 1/78 [polar bear[the rage of Trog] (7)]
  6131 | D:7      | Mangled by a polar bear

Skill      XL: |  1  2  3  4  5  6  7  8 |
---------------+-------------------------+-----
Fighting       | 3 |  3.7
Dodging        | 3 4 5 |  5.2
Unarmed Combat | 4 5 6 7 9 |  9.0
Stealth        | 1 2 |  2.5
Throwing       | 1 |  1.0

Action                   |  1- 3 |  4- 6 |  7- 9 || total
-------------------------+-------+-------+-------++-------
Melee: Unarmed           |    73 |   130 |   156 ||   359
       Punch             |     1 |     6 |     2 ||     9
Throw: Stone             |       |     1 |    13 ||    14
 Cast: Call Imp          |       |       |     1 ||     1
Invok: Berserk           |     1 |     5 |     5 ||    11
       Trog's Hand       |       |     4 |       ||     4
       Burn Spellbooks   |       |     1 |     1 ||     2
  Use: Scroll            |       |       |     1 ||     1
 Stab: Sleeping          |     2 |     4 |     3 ||     9
  Eat: Chunk             |     7 |    21 |    16 ||    44
       Ration            |       |     4 |     2 ||     6
Armor: Animal skin       |    32 |     2 |       ||    34
       Robe              |       |    54 |    26 ||    80
Dodge: Dodged            |    34 |    75 |    86 ||   195
